 Dungeon Crawl Stone Soup version 0.30-a0-920-g7493c07aab (webtiles) character file.

Game seed: 9880652838233516286

1160 jasper the Ducker (level 8, -1/48 HPs)
             Began as a Kobold Hexslinger on Mar 21, 2023.
             Was a Follower of Sif Muna.
             Succumbed to a kobold brigand's poison
             ... on level 7 of the Dungeon.
             The game lasted 00:10:52 (6654 turns).

jasper the Ducker (Kobold Hexslinger)               Turns: 6654, Time: 00:10:52

Health: -1/48      AC: 10    Str:  7    XL:     8   Next: 66%
Magic:  5/5        EV: 17    Int: 17    God:    Sif Muna [*.....]
Gold:   272        SH:  0    Dex: 15    Spells: 16/18 levels left

rFire   . . .      SeeInvis .    d - +1 war axe "Picsefu" {antimagic, Stlth+}
rCold   . . .      Faith    +    (no shield)
rNeg    . . .      Spirit   .    c - +1 robe
rPois   .          Reflect  .    (no helmet)
rElec   .          Rampage  .    (no cloak)
rCorr   .                        j - +2 pair of gloves
Will    +....                    (no boots)
Stlth   +++                      p - amulet of faith
HPRegen 0.28/turn                s - +4 ring of protection
MPRegen 0.09/turn                t - ring of willpower

@: lethally poisoned (-1 -> -15)
A: small, no large weapons, nightstalker 3
a: Renounce Religion, Channel Magic


You were on level 7 of the Dungeon.
You worshipped Sif Muna.
Sif Muna was aware of your devotion.
You visited 1 branch of the dungeon, and saw 7 of its levels.

You collected 272 gold pieces.

Inventory:

Hand Weapons
 a - a +1 sling
 d - the +1 war axe "Picsefu" (weapon) {antimagic, Stlth+}
   (You found it on level 3 of the Dungeon)

   Stlth:     It makes you more stealthy.
 u - a +0 shortbow
Missiles
 w - 4 javelins
Armour
 c - a +1 robe (worn)
 j - a +2 pair of gloves (worn)
Jewellery
 f - a +6 ring of strength
 p - an amulet of faith (around neck)
 s - a +4 ring of protection (left hand)
 t - a ring of willpower (right hand)
Wands
 m - a wand of charming (2)
Scrolls
 g - 2 scrolls of magic mapping
 l - 5 scrolls of identify
 o - a scroll of fog
 v - 2 scrolls of enchant armour
Potions
 e - a potion of cancellation
 k - a potion of flight
 r - a potion of degeneration


   Skills:
 + Level 4.7 Fighting
 - Level 5.0 Ranged Weapons
 + Level 5.8 Dodging
 * Level 5.5 Spellcasting
 - Level 3.0 Hexes
 + Level 3.8 Invocations


You had 16 spell levels left.
You knew the following spells:

 Your Spells              Type           Power      Damage    Failure   Level
a - Blink                 Tloc           8%         N/A       21%         2

Your spell library contained the following spells:

 Spells                   Type           Power      Damage    Failure   Level
 Slow                     Hex            56%        N/A       4%          1
 Tukima's Dance           Hex            14%        N/A       12%         3
 Lesser Beckoning         Tloc           8%         N/A       21%         2
 Momentum Strike          Conj/Tloc      8%         3d8       21%         2
 Inner Flame              Hex/Fire       9%         N/A       22%         3
 Portal Projectile        Hex/Tloc       18%        N/A       22%         3
 Cause Fear               Hex            7%         N/A       36%         4
 Manifold Assault         Tloc           4%         N/A       80%         4
 Alistair's Intoxication  Tmut/Pois      2%         N/A       98%         5
 Blade Hands              Tmut           2%         N/A       98%         5
 Dispersal                Tloc           2%         N/A       100%        6
 Disjunction              Tloc           2%         N/A       100%        8


Dungeon Overview and Level Annotations

Branches:
Dungeon (7/15)             Temple (0/1) D:5

Altars:
Kikubaaqudgha
Makhleb
Sif Muna
Vehumet

Annotations:
D:6 Maggie


Innate Abilities, Weirdness & Mutations

You are small and have problems with some larger weapons.
You are completely attuned to the shadows.


Message History

The kobold brigand hits you but does no damage.
You are poisoned.
The centaur closely misses you. The centaur barely misses you.
There is an open door, spattered with blood here.
You closely miss the centaur. You barely miss the kobold brigand.
You feel very sick. The centaur misses you. The centaur kicks you.
The kobold brigand hits you but does no damage.
You are more poisoned.
The centaur hits you but does no damage.
The centaur kicks you.
The kobold brigand hits you with a +2 dagger of venom.
You are lethally poisoned!
You take 7 damage, and have 19/48 hp.
You barely miss the centaur. You barely miss the kobold brigand.
* * * LOW HITPOINT WARNING * * *
You feel very sick.
The centaur hits you but does no damage.
The centaur misses you. The centaur barely misses you.
The centaur kicks you but does no damage.
The kobold brigand hits you but does no damage.
You are more poisoned.
You take 5 damage, and have 14/48 hp.
You hit the centaur.
The centaur is lightly wounded.
You miss the kobold brigand.
* * * LOW HITPOINT WARNING * * *
You feel extremely sick.
The centaur hits you but does no damage.
The centaur barely misses you.
The kobold brigand hits you with a +2 dagger of venom.
* * * LOW HITPOINT WARNING * * *
The centaur misses you. x2
The kobold brigand hits you but does no damage.
You take 12 damage, and have 2/48 hp.
MASSIVE DAMAGE!!
Okay, then.
As you read the scroll labelled NOORHY PUCO, it crumbles to dust.
You assume a fearsome visage.
The centaur looks frightened!
The kobold brigand looks frightened!
It was a scroll of fear.
You die...

......# ####..#..#
#..#.....
#..##.Kc### #...#
#@#.# #...###...##
#.#...##...#
#######......#.#'##
#.........#..###..#
#.##########......##
#.# ##......# #.#
#......## #.# #####
#.#.....#


You could see a kobold brigand (fleeing) and a centaur (fleeing).

Vanquished Creatures
  A sky beast (D:7)
  An ogre (D:4)
  A centaur (D:5)
  A phantom (D:5)
  2 bullfrogs
  2 scorpions
  A howler monkey (D:6)
  A crimson imp (D:4)
  2 jellies
  An orc priest (D:4)
  Jessica (D:3)
  3 iguanas
  5 orc wizards
  Ijyb (D:3)
  3 gnolls (D:6)
  5 adders
  A shadow imp (D:6)
  A white imp (D:7)
  A worm (D:2)
  3 dart slugs
  10 orcs
  7 ball pythons
  11 endoplasms
  A giant cockroach (D:1)
  7 goblins
  4 hobgoblins
  A quokka (D:1)
  4 bats
  2 frilled lizards
  8 kobolds
  7 rats
99 creatures vanquished.

Vanquished Creatures (others)
  4 orcs (D:5)
4 creatures vanquished.

Grand Total: 103 creatures vanquished

Notes
Turn   | Place    | Note
-------+----------+-------------------------------------------
     0 | D:1      | jasper the Kobold Hexslinger began the quest for the Orb.
     0 | D:1      | Reached XP level 1. HP: 12/12 MP: 2/2
   344 | D:1      | Reached XP level 2. HP: 16/16 MP: 3/3
   782 | D:1      | Reached XP level 3. HP: 20/20 MP: 4/4
  1785 | D:2      | Reached XP level 4. HP: 24/26 MP: 5/5
  2156 | D:3      | Identified the +1 war axe "Picsefu" {antimagic, Stlth+}
  2164 | D:3      | Noticed Ijyb
  2173 | D:3      | Killed Ijyb
  2385 | D:3      | Found a faded altar of an unknown god.
  2436 | D:3      | Noticed Jessica
  2442 | D:3      | Killed Jessica
  2443 | D:3      | Reached XP level 5. HP: 6/31 MP: 7/7
  2846 | D:3      | Found a shimmering blue altar of Sif Muna.
  2887 | D:3      | Became a worshipper of Sif Muna the Loreminder
  3108 | D:4      | Reached skill level 5 in Ranged Weapons
  3358 | D:4      | Found an ancient bone altar of Kikubaaqudgha.
  3448 | D:4      | Reached skill level 1 in Invocations
  3448 | D:4      | Reached XP level 6. HP: 32/36 MP: 9/9
  3523 | D:4      | Found a burning altar of Makhleb.
  3523 | D:4      | Found a radiant altar of Vehumet.
  3812 | D:4      | Noticed an ogre
  3819 | D:4      | Killed an ogre
  3879 | D:4      | Got the Volume of Putrid Displacement
  3906 | D:4      | Learned a level 2 spell: Blink
  4040 | D:4      | Noticed a black bear
  4110 | D:5      | Entered Level 5 of the Dungeon
  4153 | D:5      | Reached * piety under Sif Muna
  4167 | D:5      | Reached XP level 7. HP: 12/41 MP: 4/12
  4290 | D:5      | Noticed a water moccasin
  4659 | D:6      | Noticed Maggie
  5091 | D:5      | Reached skill level 5 in Dodging
  5134 | D:5      | Reached XP level 8. HP: 41/48 MP: 14/14
  5388 | D:5      | Found a staircase to the Ecumenical Temple.
  6020 | D:6      | Reached skill level 5 in Spellcasting
  6653 | D:7      | HP: 2/48 [kobold brigand/+2 dagger of venom (4)]
  6654 | D:7      | Succumbed to a kobold brigand's poison

Illustrated notes

Levels and vault maps discovered:
D:1:      lightli_arrival_windingriver, layout_loops_corners, serial_forest,
          infiniplex_forest_straight_3, infiniplex_forest_corner_2,
          infiniplex_forest_clump_medium, infiniplex_forest_clump_large,
          infiniplex_forest_lined_room_3, infiniplex_forest_clump_tiny,
          infiniplex_forest_clump_double, infiniplex_forest_clump_long
D:2:      layout_basic, chequers_serial_rivers_micro_c
D:3:      layout_basic, mainiacjoe_overflow_catwalk,
          ebering_ecumenical_altar_rust, uniq_ijyb, uniq_jessica
D:4:      layout_cave_pods, grunt_temple_overflow_lords_of_destruction,
          nicolae_kikubaaqudgha_miasma_corner
D:5:      layout_rooms, minmay_temple_entry_enclosed_plants,
          nicolae_ossuary_entry_false_entrances, serial_rivers,
          chequers_serial_rivers_small_3, chequers_serial_rivers_small_b,
          chequers_serial_rivers_room_a, chequers_serial_rivers_small_b,
          chequers_serial_rivers_small_a, chequers_serial_rivers_room_a
D:6:      layout_rooms, uniq_maggie
D:7:      minmay_slanted_spiral_squares, layout_loops_ring,
          mainiacjoe_overflow_large_starburst,
          mainiacjoe_overflow_catch_the_wave, minmay_misc_feat_plants

Skill      XL: |  1  2  3  4  5  6  7  8 |
---------------+-------------------------+-----
Ranged Weapons | 3 4 5 |  5.0
Dodging        | 3 4 5 |  5.8
Fighting       | 2 3 4 |  4.7
Spellcasting   | 2 3 4 5 |  5.5
Invocations    | 1 2 3 |  3.8
Hexes          | |  3.0

Action                     |  1- 3 |  4- 6 |  7- 9 || total
---------------------------+-------+-------+-------++-------
  Melee: War axe           |       |    20 |    44 ||    64
         Shortbow          |       |       |     4 ||     4
   Fire: Sling             |   107 |   134 |       ||   241
         Shortbow          |       |       |   158 ||   158
   Cast: Slow              |     2 |       |       ||     2
  Evoke: Wand              |       |     8 |     3 ||    11
    Use: Scroll            |     2 |     3 |    11 ||    16
         Potion            |     1 |     2 |     4 ||     7
 Armour: Robe              |    14 |    26 |    56 ||    96
  Dodge: Dodged            |    54 |    69 |   144 ||   267

Table legend: (Time is in decaauts)
 A = Elapsed time spent in this place.
 B = Non-inter-level travel time spent in this place.
 C = Inter-level travel time spent in this place.
 D = Time resting spent in this place.
 E = Time spent auto-exploring this place.
 F = Levels seen in this place.
 G = Mean time per level.
                   A        B        C        D        E       F      G
               +--------+--------+--------+--------+--------+-----+--------+
         Total |   6775 |   6514 |    261 |    249 |   5295 |   7 |  967.9 |
       Dungeon |   6775 |   6514 |    261 |    249 |   5295 |   7 |  967.9 |
               +--------+--------+--------+--------+--------+-----+--------+

Top non-repeatable levels by time:
     D:5: 1504 daAuts
     D:1: 1426 daAuts
     D:4: 1029 daAuts
     D:3: 974 daAuts
     D:6: 765 daAuts
     D:2: 753 daAuts
     D:7: 321 daAuts
